 Dungeon Crawl Stone Soup version 0.30-a0-23-ge60ba3568b (webtiles) character file.

Game seed: 16415642808236838400

56 SensoryNuts the Shield-Bearer (level 3, 0/33 HPs)
             Began as a Minotaur Fighter on Aug 24, 2022.
             Slain by a goblin
             ... wielding a +0 club
             ... led by Robin
              (3 damage)
             ... on level 2 of the Dungeon.
             The game lasted 00:00:40 (973 turns).

SensoryNuts the Shield-Bearer (Minotaur Fighter)     Turns: 973, Time: 00:00:40

Health: 0/33       AC:  7    Str: 20    XL:     3   Next: 69%
Magic:  2/2        EV:  9    Int:  5    God:
Gold:   37         SH:  4    Dex: 11    Spells: 2/2 levels left

rFire   . . .      SeeInvis .    a - +0 war axe
rCold   . . .      Faith    .    c - +0 buckler
rNeg    . . .      Spirit   .    b - +0 scale mail
rPois   .          Reflect  .    (helmet restricted)
rElec   .          Harm     .    (no cloak)
rCorr   .          Rampage  .    (no gloves)
Will    .....                    (no boots)
Stlth   ..........               (no amulet)
HPRegen 0.11/turn                (no ring)
MPRegen 0.08/turn                (no ring)

@: mighty
A: horns 2, retaliatory headbutt
a: no special abilities


You were on level 2 of the Dungeon.
You visited 1 branch of the dungeon, and saw 2 of its levels.

You collected 37 gold pieces.

Inventory:

Hand Weapons
 a - a +0 war axe (weapon)
Armour
 b - a +0 scale mail (worn)
 c - a +0 buckler (worn)
Potions
 e - 2 potions of haste {unknown}


   Skills:
 + Level 4.1 Fighting
 * Level 3.1 Axes
 + Level 4.2 Armour
 + Level 0.1 Dodging
 + Level 4.3 Shields


You had 2 spell levels left.
You didn't know any spells.
Your spell library was empty.

Dungeon Overview and Level Annotations

Branches:
Dungeon (2/15)

Altars:

Annotations:
D:2 Robin


Innate Abilities, Weirdness & Mutations

You have a pair of horns on your head.
You reflexively headbutt those who attack you in melee.


Message History

The goblin barely misses you.
Unknown command.
You are too injured to fight recklessly!
Unknown command.
The goblin barely misses you. The hobgoblin closely misses you.
The goblin attacks as you move away! The goblin hits you with a +0 club.
The hobgoblin attacks as you move away!
The hobgoblin hits you but does no damage.
A rat comes into view.
Robin roars a battlecry!
The hobgoblin goes into a battle-frenzy!
The goblin attacks as you move away! The goblin hits you but does no damage.
You closely miss the goblin. The goblin hits you but does no damage.
You hit the goblin.
You kill the goblin!
You closely miss the rat. The rat bites you. Robin throws the goblin at you!
The goblin hits you with a +0 club.
* * * LOW HITPOINT WARNING * * *
The rat bites you but does no damage. The goblin barely misses you.
You hit the goblin but do no damage. You barely miss the rat.
The goblin no longer looks unusually strong.
The rat bites you.
* * * LOW HITPOINT WARNING * * *
The goblin closely misses you. You furiously retaliate!
You headbutt the goblin, but do no damage.
You hit the goblin. Your headbutt misses the goblin.
The goblin is severely wounded.
You slash the rat!
You kill the rat!
The goblin hits you with a +0 club.
* * * LOW HITPOINT WARNING * * *
Robin throws the goblin at you! The goblin barely misses you.
The goblin hits you with a +0 dagger.
* * * LOW HITPOINT WARNING * * *
Robin roars a battlecry!
The goblin goes into a battle-frenzy!
You block the goblin's attack.
You feel very mighty all of a sudden. You block the goblin's attack.
The goblin hits you with a +0 club.
You die...

#..#..#$# ...#..#.#
......#.. .#.......
........#
........## .#
......)).######...#
......†.gggg@g....#
......#)†.#####...#
..........# .#
......##### ######


You could see Robin, 2 hobgoblins and 2 goblins.

Vanquished Creatures
  An adder (D:2)
  3 ball pythons (D:1)
  2 endoplasms (D:1)
  3 giant cockroaches
  7 goblins
  5 hobgoblins
  2 jackals (D:1)
  7 kobolds
  2 quokkas (D:1)
  3 bats (D:1)
  3 frilled lizards (D:1)
  4 rats
42 creatures vanquished.

Notes
Turn   | Place    | Note
-------+----------+-------------------------------------------
     0 | D:1      | SensoryNuts the Minotaur Fighter began the quest for the
                  | Orb.
     0 | D:1      | Reached XP level 1. HP: 19/19 MP: 0/0
   111 | D:1      | Reached XP level 2. HP: 27/27 MP: 1/1
   635 | D:1      | Reached XP level 3. HP: 33/33 MP: 2/2
   640 | D:1      | Found a faded altar of an unknown god.
   960 | D:2      | Noticed Robin
   973 | D:2      | Slain by a goblin

Illustrated notes

Levels and vault maps discovered:
D:1:      psy_arrival_wood_between_worlds, layout_basic,
          nicolae_ecumenical_lake_church
D:2:      layout_rooms, uniq_robin, uniq_sigmund

Skill      XL: |  1  2  3 |
---------------+----------+-----
Fighting       | 4 |  4.1
Armour         | 4 |  4.2
Shields        | 4 |  4.3
Axes           | 3 |  3.1
Dodging        | |  0.1

Action                   || total
-------------------------++-------
Melee: War axe           ||    62
       Headbutt          ||     4
  Use: Potion            ||     1
Armor: Scale mail        ||    39
Dodge: Dodged            ||    44
Block: Buckler           ||    22

Table legend: (Time is in decaauts)
 A = Elapsed time spent in this place.
 B = Non-inter-level travel time spent in this place.
 C = Inter-level travel time spent in this place.
 D = Time resting spent in this place.
 E = Time spent auto-exploring this place.
 F = Levels seen in this place.
 G = Mean time per level.
                   A        B        C        D        E       F      G
               +--------+--------+--------+--------+--------+-----+--------+
         Total |    999 |    931 |     68 |      0 |    780 |   2 |  499.5 |
       Dungeon |    999 |    931 |     68 |      0 |    780 |   2 |  499.5 |
               +--------+--------+--------+--------+--------+-----+--------+

Top non-repeatable levels by time:
     D:1: 966 daAuts
     D:2: 32 daAuts
